 Dungeon Crawl Stone Soup version 0.30.1-9-gdf580d7c3d (webtiles) character file.

Game seed: 2581171337142995812

81 Anriel the Conjurer (level 4, -7/29 (34) HPs)
             Began as a Human Reaver on Oct 5, 2023.
             Mangled by a gnoll bouda
             ... wielding a +0 club
              (8 damage)
             ... on level 3 of the Dungeon.
             The game lasted 00:10:43 (1750 turns).

Anriel the Conjurer (Human Reaver)                  Turns: 1750, Time: 00:10:43

HP:   -7/29 (34)    AC:  5    Str: 13    XL:     4   Next: 67%
MP:   5/7           EV: 13    Int: 13    God:
Gold: 189           SH:  0    Dex: 17    Spells: 4/7 levels left

rFire   . . .        a - +0 falchion
rCold   . . .        (no shield)
rNeg    . . .        n - +1 robe "Sairehuj" {Drain rElec Dex+4 Slay+6}
rPois   .            (no helmet)
rElec   +            l - +0 cloak
rCorr   .            (no gloves)
SInv    .            f - +0 pair of boots
Will    .....        (no amulet)
Stlth   ++           (no ring)
HPRegen 0.24/turn    (no ring)
MPRegen 0.10/turn

%: no passive effects
@: about to teleport, heavily drained
A: no striking features
a: no special abilities


You were on level 3 of the Dungeon.
You visited 1 branch of the dungeon, and saw 3 of its levels.

You collected 189 gold pieces.

Inventory:

Hand Weapons
 a - a +0 falchion (weapon)
Armour
 b - a +0 leather armour
 f - a +0 pair of boots (worn)
 l - a +0 cloak (worn)
 n - the +1 robe "Sairehuj" (worn) {Drain rElec Dex+4 Slay+6}
   (You found it on level 2 of the Dungeon)

   Dex:       It affects your dexterity (+4).
   Slay:      It affects your accuracy & damage with ranged weapons and melee
   (+6).
   rElec:     It insulates you from electricity.
   Drain:     It drains your maximum health when unequipped.
 q - the +0 ring mail of the Vacuum {Int+6}
   (You found it on level 3 of the Dungeon)

   Int:       It affects your intelligence (+6).
Scrolls
 e - a scroll of summoning {unknown}
 h - 2 scrolls of poison
 j - a scroll of blinking {unknown}
 m - a scroll of teleportation
Potions
 c - 4 potions of curing
 d - a potion of ambrosia {unknown}
 g - a potion of flight {unknown}
 i - a potion of magic {unknown}
 k - a potion of haste {unknown}
 o - a potion of berserk rage {unknown}
 p - a potion of cancellation {unknown}
 r - a potion of invisibility {unknown}


   Skills:
 + Level 2.7 Fighting
 - Level 3.0 Long Blades
 * Level 2.6 Armour
 + Level 2.8 Dodging
 - Level 2.0 Spellcasting
 - Level 3.0 Conjurations


You had 4 spell levels left.
You knew the following spells:

 Your Spells              Type           Power      Damage    Failure   Level
a - Kiss of Death         Conj/Necr      20%        2d7       14%         1
b - Momentum Strike       Conj/Tloc      10%        3d8       21%         2

Your spell library contained the following spells:

 Spells                   Type           Power      Damage    Failure   Level
 Hailstorm                Conj/Ice       5%         3d4       38%         3


Dungeon Overview and Level Annotations

Branches:
Dungeon (3/15)

Altars:


Message History

Your attacks no longer feel as feeble.
The gnoll is no longer moving quickly.
Casting: Momentum Strike (safe; 21% risk of failure)
Confirm with . or Enter, or press ? or * to list all spells.
Aiming: Kiss of Death (safe; 14% risk of failure)
Press: ? - help, Shift-Dir - straight line, f - gnoll bouda
Aim: a gnoll bouda, wielding a +0 club and wearing a +0 leather armour (100% to hit)
The negative energy hits the gnoll bouda.
The gnoll bouda is drained!
The gnoll bouda is moderately wounded.
You feel drained.
The gnoll is no longer moving quickly.
A ball python comes into view.
The gnoll bouda barks out a call to the hunt!
The gnolls pick up the pace!
The gnoll hits you from afar with a +0 spear.
The ball python hisses angrily.
You closely miss the gnoll bouda.
The gnoll bouda is moderately wounded.
The gnoll bouda hits you with a +0 club.
The gnoll closely misses you.
You barely miss the gnoll bouda.
The gnoll bouda is moderately wounded.
The gnoll bouda hits you with a +0 club.
The gnoll hits you from afar with a +0 spear!
You hit the gnoll bouda but do no damage.
The gnoll bouda is moderately wounded.
The gnoll bouda hits you with a +0 club.
The gnoll completely misses you.
The gnoll bouda hits you but does no damage.
You hit the gnoll bouda.
The gnoll bouda is moderately wounded.
The gnoll hits you from afar with a +0 spear.
* * * LOW HITPOINT WARNING * * *
The gnoll bouda misses you.
As you read the scroll of teleportation, it crumbles to dust.
You feel strangely unstable.
The gnoll hits you from afar with a +0 spear.
* * * LOW HITPOINT WARNING * * *
The gnoll bouda hits you with a +0 club!
You die...

#.# #.# #####.#.#.# ###.#####
#.....#.#.## #.......#
#.....#.#..# #.......#
#.....#.#... #.......#
+.....#.#... #.......#
#....##.#...
#.......#############....##.#...
#..............@gggSg....'......
#.......#############....##.##..
######### ###....g(...
#.###.##.. #.# #..g.: #.# ####g#
#.# #.# #.# #g# #.# #g#


You could see a gnoll bouda (very drained), 3 gnolls and a ball python.

Vanquished Creatures
  A gnoll (D:3)
  2 adders
  2 dart slugs (D:3)
  2 ball pythons (D:1)
  7 bats
  4 endoplasms (D:1)
  4 giant cockroaches
  4 goblins
  4 hobgoblins
  2 jackals (D:1)
  3 frilled lizards
  7 kobolds
  4 rats
46 creatures vanquished.

Notes
Turn   | Place    | Note
-------+----------+-------------------------------------------
     0 | D:1      | Anriel the Human Reaver began the quest for the Orb.
     0 | D:1      | Reached XP level 1. HP: 16/16 MP: 3/3
   143 | D:1      | Reached skill level 1 in Armour
   143 | D:1      | Reached XP level 2. HP: 19/19 MP: 3/5
   470 | D:1      | Reached XP level 3. HP: 25/25 MP: 6/6
   691 | D:2      | Learned a level 2 spell: Momentum Strike
  1080 | D:2      | Reached XP level 4. HP: 34/34 MP: 7/7
  1086 | D:2      | Identified the +1 robe "Sairehuj" {Drain rElec Dex+4
                  | Slay+6}
  1518 | D:3      | Identified the +0 ring mail of the Vacuum {Int+6}
  1750 | D:3      | HP: 1/29 [gnoll/+0 spear[a gnoll bouda] (3)]
  1750 | D:3      | Mangled by a gnoll bouda

Illustrated notes

Levels and vault maps discovered:
D:1:      lightli_arrival_farm, layout_loops_cross, nicolae_figureground_sparkle
D:2:      layout_rooms, serial_curves, eino_curves_04, eino_curves_01
D:3:      layout_basic

Skill      XL: |  1  2  3 |
---------------+----------+-----
Armour         | 1 2 |  2.6
Fighting       | |  2.7
Long Blades    | |  3.0
Dodging        | |  2.8
Spellcasting   | |  2.0
Conjurations   | |  3.0

Action                     |  1- 3 |  4- 6 || total
---------------------------+-------+-------++-------
  Melee: Falchion          |   114 |    28 ||   142
   Cast: Kiss of Death     |     1 |     1 ||     2
         Momentum Strike   |       |     1 ||     1
    Use: Scroll            |     2 |     3 ||     5
   Stab: Sleeping          |     1 |       ||     1
 Armour: Leather armour    |    54 |       ||    54
         Robe              |       |     6 ||     6
  Dodge: Dodged            |    70 |    14 ||    84
